 Dungeon Crawl Stone Soup version 0.16.1-17-g773cdaf (webtiles) character file.

342 tesudzi the Destroyer (level 6, -4/32 HPs)
             Began as a Tengu Conjurer on Apr 21, 2015.
             Slain by EmilioHeskey's ghost (8 damage)
             ... on level 4 of the Dungeon on Apr 22, 2015.
             The game lasted 00:18:44 (4010 turns).

tesudzi the Destroyer (Tengu Conjurer)              Turns: 4010, Time: 00:18:44

Health: -4/32      AC:  4    Str:  9    XL:     6   Next: 57%
Magic:  12/12      EV: 12    Int: 16    God:
Gold:   184        SH:  3    Dex: 15    Spells: 3 memorised, 2 levels left

rFire  . . .     SeeInvis .     y - +3 dagger (venom)
rCold  . . .     Clarity  .     A - +0 leather armour (curse)
rNeg   . . .     SustAb   +     m - +0 buckler
rPois  .         Gourm    .     (helmet restricted)
rElec  .         Spirit   .     t - +0 cloak {+Inv}
rCorr  .         Warding  .     (no gloves)
rMut   .         Stasis   .     (boots unavailable)
MR     +....                    (no amulet)
Stlth  ++........               z - ring of sustain abilities
                                q - ring of protection from magic

@: hasted, very quick, somewhat resistant to hostile enchantments, unstealthy
A: able to fly, beak, talons 3
a: Fly, Evoke Invisibility


You were on level 4 of the Dungeon.
You were hungry.

You visited 1 branch of the dungeon, and saw 4 of its levels.

You collected 184 gold pieces.

Inventory:

Hand weapons
 g - a +1 short sword
 l - a +1 dagger of venom
 n - a +0 spear
 u - a +2 hammer of holy wrath
 y - a +3 dagger of venom (weapon)
 B - a +1 mace of draining
Missiles
 d - 18 stones (quivered)
Armour
 a - a +0 robe
 e - a +0 robe
 m - a +0 buckler (worn)
 s - a +0 robe
 t - a +0 cloak of invisibility (worn)
 A - a cursed +0 leather armour (worn)
Jewellery
 q - a ring of protection from magic (left hand)
 z - a ring of sustain abilities (right hand)
Scrolls
 i - a scroll of enchant weapon
 w - a scroll of magic mapping
 C - a scroll of fear {unknown}
 E - a scroll of noise {unknown}
 F - a scroll of remove curse
Potions
 h - a potion of restore abilities
 j - a potion of magic {unknown}
 k - a potion of poison {unknown}
 o - a potion of heal wounds {unknown}
 p - a potion of cancellation {unknown}
 r - a potion of resistance
 x - 2 potions of might {unknown}
Books
 c - a book of Conjurations

   Spells                             Type                      Level
   a - Magic Dart                     Conjuration                  1
   b - Searing Ray                    Conjuration                  2
   c - Dazzling Spray                 Conjuration/Hexes            3
   d - Fulminant Prism                Conjuration/Hexes            4
   e - Iskenderun's Mystic Blast      Conjuration                  4
   f - Iskenderun's Battlesphere      Conjuration/Charms           5
Comestibles
 b - 3 bread rations


   Skills:
 - Level 4.0 Dodging
 - Level 2.0 Stealth
 - Level 2.0 Spellcasting
 + Level 9.2 Conjurations


You had 2 spell levels left.
You knew the following spells:

 Your Spells              Type           Power        Failure   Level  Hunger
a - Magic Dart            Conj           ####         1%          1    #......
b - Searing Ray           Conj           ####..       1%          2    ###....
c - Iskenderun's Mystic   Conj           ####....     12%         4    #####..


Dungeon Overview and Level Annotations

Branches:
Dungeon (4/15)
 Temple: D:4-7

Altars:
Cheibriados
Elyvilon

Annotations:
D:3 tesudzi's ghost, weakling TeCj
D:4 EmilioHeskey's ghost, average TrFi


Innate Abilities, Weirdness & Mutations

You can fly.
You have a beak for a mouth.
You have claws for feet.


Message History

The adder bites you.
* * * LOW HITPOINT WARNING * * *
You are lethally poisoned!
The adder poisons you!
* * * LOW HITPOINT WARNING * * *
You feel sick.
* * * LOW HITPOINT WARNING * * *
You feel sick.
The giant gecko bites you but does no damage.
Drink which item? (? for menu, Esc to quit)
You feel better. The adder bites you.
* * * LOW HITPOINT WARNING * * *
The giant gecko bites you but does no damage.
The adder closely misses you.
EmilioHeskey's ghost keens inconsolably.
All of the chunks of flesh in your inventory have rotted away.
Drink which item? (? for menu, Esc to quit)
You feel yourself speed up. You block the adder's attack.
EmilioHeskey's ghost hits you!
You die...

...................###..
........................
#.....................#
#.....................#..
##.......................
.........................
..............Kl.........
#.............KW.........
..............gg@.......#
........!......S.......##
......................##
...................#...## #
..................##....### ..
..................#..#....### ...
.................#....##....##...
.......................†#.......#
#........>......#....#.......#


You could see EmilioHeskey's ghost, an adder, a giant gecko, a hobgoblin, a
goblin and 2 kobolds.

Vanquished Creatures
  An ogre (D:4)
  Sigmund (D:3)
  Crazy Yiuf (D:2)
  A centaur skeleton (D:4)
  Ijyb (D:3)
  Terence (D:3)
  An adder (D:4)
  2 worms (D:2)
  2 giant geckos (D:2)
  4 orcs
  4 giant cockroaches
  9 goblins
  6 hobgoblins (D:1)
  2 quokkas (D:3)
  A ball python (D:3)
  5 bats
  3 giant newts
  7 jackals (D:2)
  11 kobolds
  5 rats
68 creatures vanquished.

Notes
Turn   | Place    | Note
--------------------------------------------------------------
     0 | D:1      | tesudzi, the Tengu Conjurer, began the quest for the Orb.
     0 | D:1      | Reached XP level 1. HP: 10/10 MP: 3/3
   646 | D:1      | Reached XP level 2. HP: 15/15 MP: 1/5
  1414 | D:1      | Reached XP level 3. HP: 19/19 MP: 4/7
  2287 | D:2      | Found a white marble altar of Elyvilon.
  2525 | D:2      | Noticed Crazy Yiuf
  2533 | D:2      | Learned a level 2 spell: Searing Ray
  2541 | D:2      | Killed Crazy Yiuf
  2541 | D:2      | Reached skill level 6 in Conjurations
  2541 | D:2      | Reached XP level 4. HP: 24/24 MP: 3/8
  3134 | D:3      | Noticed Ijyb
  3157 | D:3      | Killed Ijyb
  3157 | D:3      | Reached skill level 7 in Conjurations
  3157 | D:3      | Reached XP level 5. HP: 10/28 MP: 1/11
  3330 | D:3      | Learned a level 4 spell: Iskenderun's Mystic Blast
  3356 | D:3      | Found a snail-covered altar of Cheibriados.
  3397 | D:3      | Noticed tesudzi's ghost (weakling TeCj)
  3531 | D:3      | Noticed Sigmund
  3537 | D:3      | Killed Sigmund
  3541 | D:3      | Noticed Terence
  3546 | D:3      | Killed Terence
  3546 | D:3      | Reached skill level 8 in Conjurations
  3736 | D:4      | Reached XP level 6. HP: 27/32 MP: 12/12
  3779 | D:4      | Noticed an ogre
  3786 | D:4      | Killed an ogre
  3786 | D:4      | Reached skill level 9 in Conjurations
  3848 | D:4      | Noticed EmilioHeskey's ghost (average TrFi)
  4010 | D:4      | Slain by EmilioHeskey's ghost

Action                   |  1- 3 |  4- 6 || total
-------------------------+-------+-------++-------
Melee: Short sword       |    32 |       ||    32
       Hammer            |       |    13 ||    13
       Spear             |       |     8 ||     8
       Dagger            |       |    29 ||    29
 Cast: Magic Dart        |    85 |    21 ||   106
       Searing Ray       |     1 |    10 ||    11
 Abil: Fly               |       |     2 ||     2
  Use: Scroll            |     6 |     3 ||     9
       Potion            |     1 |     8 ||     9
 Stab: Sleeping          |     2 |     1 ||     3
  Eat: Chunk             |     7 |     5 ||    12
